 Dungeon Crawl Stone Soup version 0.25-a0-558-g78a2afb0af (webtiles) character file.

Game seed: 9215673087338335297, levelgen mode: deterministic

5240 Gargoyl the Envoy of Void (level 10, -3/82 (83) HPs)
             Began as a Centaur Abyssal Knight on Feb 25, 2020.
             Was a High Priest of Lugonu.
             Killed from afar by a deep elf mage (14 damage)
             ... with a bolt of lightning
             ... on level 10 of the Dungeon.
             The game lasted 00:12:27 (9659 turns).

Gargoyl the Envoy of Void (Centaur Abyssal Knight)  Turns: 9659, Time: 00:12:29

HP:   -3/82 (83)    AC: 13    Str: 22    XL:     10   Next: 35%
MP:   6/6           EV: 10    Int: 13    God:    Lugonu [*****.]
Gold: 49            SH:  8    Dex: 10    Spells: 9/9 levels left

rFire    . . .     SeeInvis .   p - +5 flail of Zeuby {drain, rPois MP-9 Str+5 Int+2}
rCold    . . .     Gourm    .   m - +1 buckler {rN+}
rNeg     + . .     Faith    .   o - +2 ring mail {MR+}
rPois    +         Spirit   .   d - +0 helmet
rElec    .         Reflect  +   (no cloak)
rCorr    +         Harm     .   (no gloves)
MR       +....                  (no barding)
Stlth    ..........             z - +4 amulet of reflection
HPRegen  0.23/turn              t - +3 ring of protection
MPRegen  0.10/turn              n - ring of resist corrosion

@: very quick
A: large, hooves 3, deformed body, speed 2, sense surroundings 1, poison
resistance, tough skin 3
a: Depart the Abyss, Bend Space, Banish, Corrupt, Enter the Abyss, Renounce
Religion


You were on level 10 of the Dungeon.
You worshipped Lugonu.
Lugonu was extremely pleased with you.
You were hungry.

You visited 1 branch of the dungeon, and saw 10 of its levels.
You visited the Abyss 1 time.

You collected 481 gold pieces.
You spent 432 gold pieces at shops.

Inventory:

Hand Weapons
 a - a +5 hand axe
 p - the +5 flail of Zeuby (weapon) {drain, rPois MP-9 Str+5 Int+2}
   (You found it on level 4 of the Dungeon)

   A truly terrible weapon, it drains the life of those it strikes.
   It affects your strength (+5).
   It affects your intelligence (+2).
   It protects you from poison.
   It affects your magic capacity (-9).
Missiles
 u - 7 boomerangs (quivered)
Armour
 d - a +0 helmet (worn)
 m - a +1 buckler of positive energy (worn)
 o - a +2 ring mail of magic resistance (worn)
 v - a +1 chain mail of fire resistance
Jewellery
 n - a ring of resist corrosion (right hand)
 t - a +3 ring of protection (left hand)
 z - a +4 amulet of reflection (around neck)
Wands
 l - a wand of flame (12)
 q - a wand of paralysis (5)
 r - a wand of random effects (9)
 w - a wand of enslavement (8)
 B - a wand of scattershot (6)
 C - a wand of digging (7)
 D - a wand of polymorph (6)
 E - a wand of iceblast (5)
Scrolls
 b - 2 scrolls of identify
 i - 6 scrolls of teleportation
 j - 5 scrolls of remove curse
 y - a scroll of fog
Potions
 e - a potion of mutation
 f - a potion of curing
 g - a potion of lignification
 h - a potion of ambrosia
 k - 2 potions of heal wounds
 s - a potion of resistance {unknown}
 x - a potion of berserk rage {unknown}
 A - a potion of stabbing
Comestibles
 c - 23 rations


   Skills:
 + Level 5.8 Fighting
 + Level 3.6(5.5) Axes
 + Level 6.4(6.9) Maces & Flails
 + Level 0.2 Throwing
 * Level 6.3 Armour
 * Level 4.5 Dodging
 + Level 1.8 Shields
 * Level 7.1 Invocations


You had 9 spell levels left.
You didn't know any spells.
Your spell library contained the following spells:

 Spells                   Type           Power        Failure   Level  Hunger
 Animate Skeleton         Necr           N/A          47%         1    ##.....
 Apportation              Tloc           #.....       47%         1    ##.....
 Corona                   Hex            #......      47%         1    ##.....
 Sandblast                Erth           #.....       47%         1    ##.....
 Summon Small Mammal      Summ           #...         47%         1    ##.....
 Call Imp                 Summ           #.......     63%         2    ###....
 Passwall                 Tmut/Erth      #.......     63%         2    ###....
 Call Canine Familiar     Summ           #.......     85%         3    ####...
 Stone Arrow              Conj/Erth      #.....       85%         3    ####...
 Summon Guardian Golem    Hex/Summ       #.......     85%         3    ####...
 Petrify                  Tmut/Erth      #.......     99%         4    #####..
 Summon Ice Beast         Ice/Summ       #.......     99%         4    #####..
 Summon Lightning Spire   Summ/Air       #.......     99%         4    #####..
 Lee's Rapid Deconstruct  Erth           #.........   100%        5    ######.


Dungeon Overview and Level Annotations

Branches:
Dungeon (10/15)            Temple (0/1) D:4
   Lair: D:8-11         Orc: D:9-12

Altars:
Ashenzari
Elyvilon
Gozag
Kikubaaqudgha
Nemelex Xobeh
Okawaru
Qazlal
Sif Muna
Trog
Zin
The Shining One

Shops:
D:4 [   D:8 =


Innate Abilities, Weirdness & Mutations

You have hooves in place of feet.
Armour fits poorly on your strangely shaped body.
You cover ground very quickly.
You have extremely tough skin. (AC +3)
You passively map a small area around you.
Your system is resistant to poisons. (rPois)


Message History

The deep elf mage is moderately wounded.
Something hits you but does no damage.
The deep elf mage hits you but does no damage.
You sock the deep elf mage! Your kick misses the deep elf mage.
The deep elf mage is heavily wounded.
Something hits you but does no damage. The deep elf mage casts a spell at you.
The bolt of lightning hits you!! x2
You closely miss the deep elf mage.
The deep elf mage is heavily wounded.
Something hits you but does no damage.
The deep elf mage hits you but does no damage.
You thump the deep elf mage! Your kick misses the deep elf mage.
The deep elf mage is almost dead.
Something hits you but does no damage. The deep elf mage casts a spell at you.
The bolt of lightning hits you!
* * * LOW HITPOINT WARNING * * *
The bolt of lightning hits you!
You die...

######.......##########.######.
#.....>.# + .#.# #.......# .#.#
#.......# *,..#.# *
######....(<.# , *...#.. *
.............######...#..
##########...#........#..,
#.###........#### #†#
#..@e....# #.###'########
#)##..###.. * *
#######).........# * ,,
.................. ,, , ,
...........####### *
###########..#
.............#####
..................


You could see a deep elf mage.

Vanquished Creatures
  A two-headed ogre (D:9)
  13 yaks
  An orc warrior (D:7)
  A phantom (D:6)
  A black bear (D:8)
  An ice beast (D:10)
  2 necrophages
  A centaur (D:8)
  2 big kobolds
  6 bullfrogs
  10 killer bees
  7 howler monkeys
  2 crimson imps
  A jelly (D:5)
  A bullfrog skeleton (D:8)
  3 hounds
  Ijyb (D:4)
  5 orc wizards
  3 iguanas
  7 worker ants
  A hound skeleton (D:4)
  2 worker ant zombies
  8 adders
  4 gnolls (D:3)
  A shadow imp (D:5)
  2 oozes
  An adder zombie (D:7)
  2 adder skeletons (D:5)
  A worm (D:3)
  2 dart slugs (D:1)
  2 leopard geckos (D:5)
  32 orcs
  2 ball pythons (D:3)
  5 bats
  5 giant cockroaches
  13 goblins
  9 hobgoblins
  11 jackals
  13 kobolds
  2 quokkas
  8 frilled lizards
  A quokka skeleton (D:4)
  A quokka zombie (D:7)
  8 rats
205 creatures vanquished.

Notes
Turn   | Place    | Note
-------+----------+-------------------------------------------
     0 | Abyss:1  | Gargoyl the Centaur Abyssal Knight began the quest for the
                  | Orb.
     0 | Abyss:1  | Reached XP level 1. HP: 19/19 MP: 2/2
    56 | Abyss:1  | Noticed a smoke demon
    59 | Abyss:1  | Noticed a small abomination
    62 | Abyss:1  | Noticed an orange demon
    79 | Abyss:1  | Noticed a small abomination
    98 | D:1      | Escaped the Abyss
   155 | D:1      | Reached * piety under Lugonu
   245 | D:1      | Reached XP level 2. HP: 25/26 MP: 3/3
   367 | D:1      | Reached skill level 1 in Dodging
   662 | D:1      | Reached XP level 3. HP: 31/31 MP: 4/4
   940 | D:2      | Found an iron altar of Okawaru.
  1337 | D:3      | Reached ** piety under Lugonu
  1356 | D:3      | Reached XP level 4. HP: 37/38 MP: 5/5
  1367 | D:3      | Found a bloodstained altar of Trog.
  1684 | D:3      | Found a stormy altar of Qazlal.
  1777 | D:3      | Reached XP level 5. HP: 28/46 MP: 7/7
  2280 | D:4      | Reached skill level 3 in Invocations
  2344 | D:4      | Found a staircase to the Ecumenical Temple.
  2354 | D:4      | Noticed Ijyb
  2360 | D:4      | Reached *** piety under Lugonu
  2378 | D:4      | Killed Ijyb
  2603 | D:4      | Found a shattered altar of Ashenzari.
  2622 | D:4      | Reached XP level 6. HP: 31/52 MP: 8/8
  2864 | D:4      | Found Neameseg's Antique Armour Boutique.
  3011 | D:4      | Got a translucent flail
  3012 | D:4      | Identified the +5 flail of Zeuby {drain, rPois MP-9 Str+5
                  | Int+2} (You found it on level 4 of the Dungeon)
  3226 | D:5      | Entered Level 5 of the Dungeon
  3360 | D:5      | Found a white marble altar of Elyvilon.
  3417 | D:5      | Identified the cursed +1 ring mail of Least Resistance {rF-
                  | Str+6 Int-2 SInv}
  3839 | D:5      | Found a sparkling altar of Nemelex Xobeh.
  4020 | D:6      | Reached skill level 1 in Maces & Flails
  4020 | D:6      | Reached XP level 7. HP: 59/59 MP: 0/9
  4262 | D:6      | Reached skill level 4 in Invocations
  4632 | D:7      | Gained mutation: Your system is resistant to poisons.
                  | (rPois) [potion of mutation]
  4632 | D:7      | Gained mutation: You passively map a small area around you.
                  | [potion of mutation]
  4975 | D:7      | Reached XP level 8. HP: 30/67 MP: 2/11
  4976 | D:7      | Reached **** piety under Lugonu
  5488 | D:7      | Found an opulent altar of Gozag.
  5849 | D:8      | Found an ancient bone altar of Kikubaaqudgha.
  6295 | D:7      | Reached skill level 5 in Invocations
  6866 | D:8      | Reached skill level 1 in Shields
  6866 | D:8      | Reached XP level 9. HP: 67/73 MP: 4/13
  7055 | D:8      | Found Faeditafe's Jewellery Shop.
  7301 | D:8      | Found a glowing silver altar of Zin.
  7508 | D:8      | Reached skill level 5 in Fighting
  7508 | D:8      | Reached skill level 5 in Armour
  7689 | D:9      | Reached skill level 5 in Maces & Flails
  7888 | D:9      | Noticed a two-headed ogre
  7915 | D:9      | Killed a two-headed ogre
  7915 | D:9      | Reached skill level 6 in Invocations
  8312 | D:8      | Bought a +4 amulet of reflection for 432 gold pieces
  8475 | D:9      | Found an iron altar of Okawaru.
  8705 | D:9      | Found a glowing golden altar of the Shining One.
  8705 | D:9      | Found a shimmering blue altar of Sif Muna.
  8982 | D:10     | Entered Level 10 of the Dungeon
  9266 | D:10     | Reached XP level 10. HP: 79/80 MP: 5/14
  9308 | D:10     | Reached ***** piety under Lugonu
  9310 | D:10     | Reached skill level 7 in Invocations
  9650 | D:10     | Noticed a deep elf mage
  9659 | D:10     | Killed from afar by a deep elf mage

Levels and vault maps discovered:
D:1:      saegor_arrival_simple_c, layout_basic
D:2:      layout_rooms, okawaru_gym_becter
D:3:      layout_loops_ring, nicolae_overflow_hidden_temple, first_ration,
          nicolae_qazlal_eye_of_the_storm
D:4:      kennysheep_the_goblin_king, layout_basic, minmay_temple_entry_ruins,
          serial_shops, shop, ashenzari_altar_1
D:5:      layout_loops_cross, lemuel_crystal_altar,
          nemelex_xobeh_ov_fountains_minmay
D:6:      layout_loops_ring
D:7:      layout_basic, kennysheep_mini, dk_vineyard_3
D:8:      layout_cave_pods, kennysheep_little_box, basic_altar, serial_shops,
          shop
D:9:      layout_irregular_city, gammafunk_temple_overflow_elements,
          overflow_temple_1_default
D:10:     minmay_shrinking_squares, layout_long_grid, david_orc_3, the_bakery

Skill      XL: |  1  2  3  4  5  6  7  8  9 10 |
---------------+-------------------------------+-----
Dodging        | 1 2 3 4 |  4.5
Axes           | 2 3 |  3.6
Armour         | 2 3 4 5 6 |  6.3
Invocations    | 3 4 5 6 7 |  7.1
Fighting       | 4 5 |  5.8
Maces & Flails | 1 3 4 6 |  6.4
Shields        | 1 |  1.8
Throwing       | |  0.2

Action                   |  1- 3 |  4- 6 |  7- 9 | 10-12 || total
-------------------------+-------+-------+-------+-------++-------
Melee: Hand axe          |   128 |   150 |       |       ||   278
       Kick              |    20 |    41 |    49 |    21 ||   131
       Flail             |       |    52 |   243 |    68 ||   363
Throw: Boomerang         |       |       |     3 |       ||     3
Invok: Depart the Abyss  |     1 |       |       |       ||     1
  Use: Potion            |     1 |     1 |     4 |       ||     6
       Scroll            |     3 |     8 |     7 |       ||    18
  Eat: Chunk             |       |     7 |    10 |     2 ||    19
       Ration            |       |       |     1 |       ||     1
Armor: Plate armour      |   123 |   116 |       |       ||   239
       Ring mail         |       |    53 |   139 |    17 ||   209
       Skin              |       |       |    18 |       ||    18
Dodge: Dodged            |    13 |    58 |   126 |    22 ||   219
Block: Buckler           |       |     4 |    66 |    12 ||    82

Table legend:
 A = Non-vault XP
 B = Vault XP
 C = Vault XP percentage of total XP
 D = Non-vault monster count
 E = Vault monster count
 F = Vault count percentage of total count
                 A         B        C        D         E       F
            +---------+---------+-------+---------+---------+-------
      Total |    7441 |      46 |   0.6 |     198 |       7 |   3.4
            +---------+---------+-------+---------+---------+-------
        D:1 |      52 |       0 |   0.0 |      28 |       0 |   0.0
        D:2 |      14 |       0 |   0.0 |       9 |       0 |   0.0
        D:3 |     163 |       0 |   0.0 |      38 |       0 |   0.0
        D:4 |     230 |      46 |  16.7 |      11 |       7 |  38.9
        D:5 |     172 |       0 |   0.0 |      15 |       0 |   0.0
        D:6 |     480 |       0 |   0.0 |      13 |       0 |   0.0
        D:7 |     693 |       0 |   0.0 |      20 |       0 |   0.0
        D:8 |    1599 |       0 |   0.0 |      28 |       0 |   0.0
        D:9 |    1355 |       0 |   0.0 |      11 |       0 |   0.0
       D:10 |    2683 |       0 |   0.0 |      25 |       0 |   0.0
            +---------+---------+-------+---------+---------+-------
